 Dungeon Crawl Stone Soup version 0.23-a0-54-gae6112e33f (webtiles) character file.

96 Nilun the Skirmisher (level 4, -7/29 HPs)
             Began as a Gargoyle Fighter on Aug 8, 2018.
             Was an Initiate of Qazlal.
             Mangled by a gnoll
             ... wielding a +0 flail
              (9 damage)
             ... on level 2 of the Dungeon.
             The game lasted 00:03:18 (1667 turns).

Nilun the Skirmisher (Gargoyle Fighter)             Turns: 1667, Time: 00:03:18

Health: -7/29      AC: 10    Str: 21    XL:     4   Next: 67%
Magic:  4/4        EV:  7    Int:  8    God:    Qazlal [......]
Gold:   72         SH:  9    Dex:  9    Spells: 3/3 levels left

rFire    . . .     SeeInvis .   a - +0 flail
rCold    . . .     Gourm    .   c - +0 shield
rNeg     + . .     Faith    .   b - +0 scale mail
rPois    ∞         Spirit   .   (no helmet)
rElec    +         Reflect  .   (no cloak)
rCorr    .         Harm     .   (no gloves)
MR       .....                  (no boots)
Stlth    ..........             (no amulet)
HPRegen  0.09/turn              l - ring of attention (curse)
MPRegen  0.09/turn              (no ring)

@: no status effects
A: negative energy resistance 1, electricity resistance, unbreathing,
petrification resistance, rot immunity, AC +3
a: Renounce Religion


You were on level 2 of the Dungeon.
You worshipped Qazlal.
Qazlal was noncommittal.
You were hungry.

You visited 1 branch of the dungeon, and saw 2 of its levels.

You collected 72 gold pieces.

Inventory:

Hand Weapons
 a - a +0 flail (weapon)
Armour
 b - a +0 scale mail (worn)
 c - a +0 shield (worn)
Jewellery
 l - a cursed ring of attention (left hand)
 p - an uncursed ring of ice
Scrolls
 e - a scroll of amnesia {unknown}
 h - 2 scrolls of teleportation {unknown}
 j - 3 scrolls of remove curse {unknown}
 m - a scroll of fear {unknown}
 q - a scroll of identify {unknown}
Potions
 d - a potion of might
 g - 3 potions of curing {unknown}
 i - a potion of brilliance {unknown}
 k - a potion of heal wounds {unknown}
 n - a potion of resistance {unknown}
Comestibles
 f - 9 rations


   Skills:
 + Level 4.0 Fighting
 + Level 3.1 Maces & Flails
 + Level 3.8 Armour
 + Level 0.3 Dodging
 + Level 3.9 Shields


You had 3 spell levels left.
You didn't know any spells.
Your spell library was empty.

Dungeon Overview and Level Annotations

Branches:
Dungeon (2/15)

Altars:
Kikubaaqudgha
Qazlal
Vehumet
Wu Jian


Innate Abilities, Weirdness & Mutations

You are resistant to torment.
Your stone body is resilient. (AC +3)
You are immune to poison.
You resist negative energy. (rN+)
You are resistant to electric shocks. (rElec)
You can survive without breathing.
You are immune to petrification.
You are immune to rotting.


Message History

The gnoll is almost dead.
The gnoll hits you from afar with a spear.
* * * LOW HITPOINT WARNING * * *
The goblin hits you but does no damage. The gnoll hits you with a flail.
* * * LOW HITPOINT WARNING * * *
You closely miss the gnoll.
The gnoll is almost dead.
The gnoll hits you but does no damage. The goblin closely misses you.
You block the gnoll's attack. The gnoll closely misses you.
The goblin hits you but does no damage.
You barely miss the gnoll.
The gnoll is almost dead.
The gnoll hits you from afar with a spear.
* * * LOW HITPOINT WARNING * * *
The gnoll hits you but does no damage. The goblin hits you but does no damage.
You hit the gnoll but do no damage.
The gnoll is almost dead.
The gnoll completely misses you. The goblin closely misses you.
The gnoll hits you with a flail!
You die...

##############
#............#
#.....g......#
#.........g.g#
.......#####.#######
.......g@gg.<......#
.......###########.# .......
#.# ####### ###### #.#
######....# #[# ###
#....#.##.#####.#
######'#####.##.#.##..)....#
..........##.##.......######
..........#...###.#...).#


You could see 2 gnolls and a goblin.

Vanquished Creatures
  A howler monkey (D:2)
  2 gnolls
  2 oozes
  3 giant cockroaches
  4 goblins
  A hobgoblin (D:1)
  4 kobolds
  2 quokkas (D:2)
  A ball python (D:2)
  2 bats (D:1)
  A frilled lizard (D:2)
  8 rats
31 creatures vanquished.

Notes
Turn   | Place    | Note
-------+----------+-------------------------------------------
     0 | D:1      | Nilun the Gargoyle Fighter began the quest for the Orb.
     0 | D:1      | Reached XP level 1. HP: 14/14 MP: 1/1
   288 | D:1      | Reached XP level 2. HP: 17/19 MP: 2/2
   689 | D:1      | Reached XP level 3. HP: 21/24 MP: 3/3
  1041 | D:2      | Found a stormy altar of Qazlal.
  1095 | D:2      | Reached XP level 4. HP: 16/29 MP: 4/4
  1247 | D:2      | Became a worshipper of Qazlal Stormbringer
  1533 | D:2      | Found a faded altar of an unknown god.
  1533 | D:2      | Found a radiant altar of Vehumet.
  1538 | D:2      | Found an ancient bone altar of Kikubaaqudgha.
  1540 | D:2      | Found a faded altar of an unknown god.
  1541 | D:2      | Found an ornate altar of the Wu Jian Council.
  1660 | D:2      | Reached skill level 4 in Fighting
  1667 | D:2      | Mangled by a gnoll

Vault maps used:
D:1:      onia_arrival_mini_spirals
D:2:      nicolae_overflow_crystal_walls, nicolae_overflow_hidden_temple,
          chequers_temple_overflow_minitemple, first_ration, serial_glass,
          glass_columns_a, glass_columns_a

Skill      XL: |  1  2  3  4 |
---------------+-------------+-----
Maces & Flails | 3 |  3.1
Fighting       | 4 |  4.0
Armour         | |  3.8
Dodging        | |  0.3
Shields        | |  3.9

Action                   |  1- 3 |  4- 6 || total
-------------------------+-------+-------++-------
Melee: Flail             |    99 |    28 ||   127
  Eat: Chunk             |       |     2 ||     2
Armor: Scale mail        |    44 |    18 ||    62
Dodge: Dodged            |    32 |    11 ||    43
Block: Shield            |    45 |    13 ||    58

Table legend:
 A = Spawn XP
 B = Non-spawn XP
 C = Spawn XP percentage of total XP
 D = Spawn monster count
 E = Non-spawn monster count
 F = Spawn count percentage of total count
 G = Total turns spent on level
                    A         B        C        D         E        F      G
               +---------+---------+-------+---------+---------+-------+---------
         Total |       0 |     138 |   0.0 |       0 |      31 |   0.0 |  1667
               +---------+---------+-------+---------+---------+-------+---------
           D:1 |       0 |      41 |   0.0 |       0 |      15 |   0.0 |   986
           D:2 |       0 |      97 |   0.0 |       0 |      16 |   0.0 |   681
               +---------+---------+-------+---------+---------+-------+---------
